 Dungeon Crawl Stone Soup version 0.20-a0-970-gcd8f41e (webtiles) character file.

4673 Deemzul the Carver (level 10, -12/72 HPs)
             Began as an Octopode Berserker on Apr 8, 2017.
             Was a High Priest of Trog.
             Mangled by an orc warrior
             ... wielding a +0 flail
              (15 damage)
             ... on level 8 of the Dungeon.
             The game lasted 00:10:20 (6720 turns).

Deemzul the Carver (Octopode Berserker)             Turns: 6720, Time: 00:10:21

Health: -12/72     AC:  4    Str: 24    XL:     10   Next: 44%
Magic:  0/10       EV: 17    Int: 10    God:    Trog [*****.]
Gold:   422        SH:  0    Dex: 14    Spells: 9/9 levels left

rFire    . . .     SeeInvis .   A - +1 falchion (elec)
rCold    + . .     Gourm    .   (no shield)
rNeg     . . .     Faith    .   (helmet restricted)
rPois    .         Spirit   +   n - amulet of guardian spirit
rElec    .         Reflect  .   x - ring of stealth
rCorr    .         Harm     .   (no ring)
MR       .....                  (no ring)
Stlth    +++++.....             (no ring)
Regen    0.3/turn               (no ring)
MPRegen  0.2/turn               (no ring)
                                (no ring)
                                (no ring)

@: mighty, exhausted, slowed, drained, very slow
A: almost no armour, stealthy swim, amphibious, 8 rings, constrict 8, yellow
scales 1, camouflage 1, cold resistance 1, screaming 2, shaggy fur 1, strong 1,
gelatinous body 1, evolution 1
a: Berserk, Trog's Hand, Brothers in Arms, Burn Spellbooks, Renounce Religion


You were on level 8 of the Dungeon.
You worshipped Trog.
Trog was extremely pleased with you.
You were very hungry.

You visited 2 branches of the dungeon, and saw 10 of its levels.

You collected 422 gold pieces.

Inventory:

Hand Weapons
 p - a +0 blowgun
 A - a +1 falchion of electrocution (weapon)
Missiles
 q - 30 poisoned needles
Jewellery
 n - an amulet of guardian spirit (around mantle)
 x - a ring of stealth (left tentacle)
 y - an uncursed amulet of the gourmand {unknown}
Wands
 D - a wand of flame (15/48)
Scrolls
 e - 2 scrolls of recharging {unknown}
 h - 6 scrolls of identify {unknown}
 i - 4 scrolls of remove curse
 l - 2 scrolls of magic mapping {unknown}
 m - 3 scrolls of immolation {unknown}
 o - a scroll of fog {unknown}
 r - 2 scrolls of amnesia {unknown}
 t - 2 scrolls of enchant weapon {unknown}
 v - 3 scrolls of blinking {unknown}
 z - a scroll of teleportation {unknown}
Potions
 a - a potion of brilliance {unknown}
 d - a potion of might
 g - a potion of flight {unknown}
 j - 3 potions of curing
 k - a potion of agility {unknown}
 u - 2 potions of invisibility {unknown}
 w - a potion of ambrosia {unknown}
 B - 2 potions of resistance {unknown}
Miscellaneous
 C - a phantom mirror
Comestibles
 b - 5 bread rations
 c - 6 fruits
 f - 13 royal jellies
 s - 3 meat rations


   Skills:
 + Level 7.7(7.4) Fighting
 * Level 10.7(10.3) Long Blades
 + Level 7.9(7.5) Dodging
 + Level 5.8(5.5) Stealth


You had 9 spell levels left.
You didn't know any spells.

Dungeon Overview and Level Annotations

Branches:
Dungeon (9/15)             Temple (0/1) D:6             Orc (1/2) D:9
   Lair: D:8-11

Altars:
Cheibriados
Dithmenos
Elyvilon
Fedhas
Hepliaklqana
Nemelex Xobeh
Qazlal
Ru
Trog
Vehumet
Zin
The Shining One

Shops:
D:7 }

Annotations:
D:5 Duvessa


Innate Abilities, Weirdness & Mutations

You cannot wear most types of armour.
You are very stealthy in the water. (Stealth+)
You are amphibious.
You can wear up to eight rings at the same time.
You can use your tentacles to constrict eight enemies at once.
Your skin changes colour to match your surroundings (Stealth+).
Your rubbery body absorbs attacks. (AC +1, EV +1)
You are partially covered in yellow scales. (AC +2)
Your flesh is cold resistant. (rC+)
You sometimes yell uncontrollably at your foes.
You are covered in fur. (AC +1)
Your muscles are strong. (Str +2)
You evolve.


Message History

It was a potion of curing.
You feel better. The orc hits you but does no damage.
The orc warrior closely misses you.
You riposte.
You hit the orc warrior but do no damage.
You grab the orc warrior.
You squeeze the orc warrior, but do no damage.
The orc completely misses you.
You feel better.
You constrict the orc warrior. The orc warrior completely misses you.
You riposte.
You hit the orc warrior. You squeeze the orc warrior.
The orc warrior is heavily wounded.
The orc hits you with a short sword.
Unknown command.
It was a potion of might.
You feel very mighty all of a sudden.
You constrict the orc warrior, but do no damage.
The orc hits you but does no damage. The orc warrior hits you with a flail!!
* * * LOW HITPOINT WARNING * * *
The orc misses you. The orc warrior hits you with a flail!
You die...

#.........))..#
#.##.##.####
#####.######..#
#.##)##.# # #.#
#..# #.##.##.# #
#.# #..# #.##.##.#
#.#
##..###....##.#
#.#
#.............#
#.#
#.#.####...####
#.#
#o#.#.........####
#.#
#@#.#.............
#.#
#o.......>........
##.##
#...####...#######
###.#<##
#..........#
#..###.#
#.(#####...#
#.#.#<## #..#
###.# #.##.## #..#
#.# #.####
#..##### #.# #.#
#......# #.#


You could see an orc warrior and an orc.

Vanquished Creatures
  The ghost of Murumi the Covert, a novice NaAs (D:6)
  Joseph (D:9)
  A hippogriff (D:8)
  A wyvern (D:8)
  2 orc warriors
  A hornet zombie (D:8)
  3 sky beasts
  3 slaves (D:5)
  2 ice beasts
  3 centaurs
  3 ogres
  Blork the orc (D:5)
  6 bullfrogs
  A gnoll sergeant (D:7)
  A water moccasin zombie (D:6)
  A scorpion (D:8)
  5 wights (D:9)
  3 howler monkeys
  2 crimson imps
  3 hounds
  9 orc wizards
  3 orc priests
  3 centaur skeletons
  4 jellies (D:8)
  Jessica (D:3)
  2 iguanas (D:4)
  Terence (D:3)
  5 worker ants
  7 gnolls (D:7)
  6 adders
  A shadow imp (D:8)
  5 oozes (D:8)
  2 adder skeletons
  3 worms
  2 dart slugs
  2 leopard geckos (D:6)
  30 orcs
  5 giant cockroaches
  8 goblins
  6 hobgoblins
  4 jackals (D:6)
  5 ball pythons
  6 bats
  10 frilled lizards
  A goblin skeleton (D:8)
  2 hobgoblin zombies (D:8)
  A jackal skeleton (D:5)
  7 kobolds
  A kobold skeleton (D:8)
  2 orc skeletons (D:8)
  2 orc zombies (D:8)
  A quokka skeleton (D:7)
  5 rats
196 creatures vanquished.

Notes
Turn   | Place    | Note
-------+----------+-------------------------------------------
     0 | D:1      | Deemzul the Octopode Berserker began the quest for the Orb.
     0 | D:1      | Reached XP level 1. HP: 16/16 MP: 1/1
   103 | D:1      | Reached XP level 2. HP: 21/21 MP: 2/2
   561 | D:2      | Reached XP level 3. HP: 26/26 MP: 3/3
   728 | D:2      | Reached ** piety under Trog
   882 | D:2      | Reached skill level 4 in Long Blades
   966 | D:2      | Found a sparkling altar of Nemelex Xobeh.
   976 | D:2      | Reached XP level 4. HP: 27/31 MP: 4/4
  1315 | D:3      | Noticed Terence
  1320 | D:3      | Found a radiant altar of Vehumet.
  1320 | D:3      | Found a snail-covered altar of Cheibriados.
  1323 | D:3      | Killed Terence
  1325 | D:3      | Found a hazy altar of Hepliaklqana.
  1325 | D:3      | Found a sparkling altar of Nemelex Xobeh.
  1325 | D:3      | Found a white marble altar of Elyvilon.
  1326 | D:3      | Found a glowing silver altar of Zin.
  1412 | D:3      | Found a stormy altar of Qazlal.
  1423 | D:3      | Found a bloodstained altar of Trog.
  1427 | D:3      | Reached XP level 5. HP: 32/36 MP: 5/5
  1518 | D:3      | Found a faded altar of an unknown god.
  1625 | D:3      | Noticed Jessica
  1631 | D:3      | Killed Jessica
  1999 | D:4      | Reached skill level 5 in Long Blades
  2058 | D:4      | Reached XP level 6. HP: 41/43 MP: 6/6
  2335 | D:4      | Found a sacrificial altar of Ru.
  2574 | D:5      | Entered Level 5 of the Dungeon
  2672 | D:5      | Noticed Duvessa
  2835 | D:5      | Reached XP level 7. HP: 49/49 MP: 5/7
  2914 | D:5      | Reached *** piety under Trog
  2914 | D:5      | Reached skill level 6 in Long Blades
  2992 | D:5      | Noticed Blork the orc
  3029 | D:5      | Killed Blork the orc
  3077 | D:5      | Reached skill level 5 in Dodging
  3087 | D:5      | Gained mutation: Your muscles are strong. (Str +2) [mutagenic meat]
  3088 | D:5      | Gained mutation: You are covered in fur. (AC +1) [mutagenic meat]
  3089 | D:5      | Gained mutation: You occasionally shout uncontrollably at your foes. [mutagenic meat]
  3090 | D:5      | Gained mutation: Your flesh is cold resistant. (rC+) [mutagenic meat]
  3091 | D:5      | Gained mutation: You have a pair of small antennae on your head. [mutagenic meat]
  3092 | D:5      | Lost mutation: You have a pair of small antennae on your head. [mutagenic meat]
  3197 | D:5      | Found a blossoming altar of Fedhas.
  3263 | D:6      | Found a staircase to the Ecumenical Temple.
  3314 | D:6      | Reached skill level 5 in Fighting
  3355 | D:6      | Reached skill level 7 in Long Blades
  3355 | D:6      | Reached XP level 8. HP: 45/55 MP: 2/8
  3877 | D:6      | Noticed Murumi's ghost (novice NaAs)
  3880 | D:6      | Reached skill level 8 in Long Blades
  3892 | D:6      | Killed Murumi's ghost
  3892 | D:6      | Reached XP level 9. HP: 63/63 MP: 7/9
  4154 | D:7      | Reached skill level 9 in Long Blades
  4216 | D:7      | Reached skill level 1 in Stealth
  4268 | D:7      | Reached **** piety under Trog
  4478 | D:7      | Found Maicaogu's Gadget Emporium.
  4914 | D:8      | Found a hazy altar of Hepliaklqana.
  5250 | D:8      | Found a glowing golden altar of the Shining One.
  5332 | D:8      | Reached XP level 10. HP: 50/71 MP: 8/10
  5399 | D:8      | Reached skill level 10 in Long Blades
  5449 | D:8      | Reached ***** piety under Trog
  5702 | D:8      | Reached skill level 5 in Stealth
  6045 | D:9      | Gained mutation: You sometimes yell uncontrollably at your foes. [mutagenic meat]
  6046 | D:9      | Gained mutation: You evolve. [mutagenic meat]
  6047 | D:9      | Gained mutation: You are partially covered in yellow scales. (AC +2) [mutagenic meat]
  6078 | D:9      | Noticed a two-headed ogre
  6149 | D:9      | Noticed Joseph
  6158 | D:9      | Killed Joseph
  6273 | D:9      | Found a shadowy altar of Dithmenos.
  6566 | D:9      | Received a gift from Trog
  6651 | D:9      | Found a staircase to the Orcish Mines.
  6660 | Orc:1    | Entered Level 1 of the Orcish Mines
  6682 | Orc:1    | Noticed an orc knight
  6682 | Orc:1    | Noticed an orc knight
  6716 | D:9      | HP: 5/108 [orc warrior/flail (11)]
  6720 | D:8      | Mangled by an orc warrior

Vault maps used:
D:1:      roderic_crop_circles_arrival_small
D:2:      nemelex_lonely_heart_becter
D:3:      old_standard_altar, grunt_temple_overflow_open,
          chequers_ecumenical_altar_grove, grunt_qazlal_clouds, uniq_terence,
          uniq_jessica
D:4:      nicolae_ru_great_annihilating_truth, first_bread
D:5:      grunt_temple_overflow_forces_of_nature, kennysheep_generic_room_13,
          uniq_duvessa, uniq_pikel, uniq_blork_the_orc
D:6:      minmay_temple_entry_statues
D:7:      serial_shops, shop
D:8:      nicolae_tso_besieged_by_evil, basic_altar,
          hangedman_little_slice_of_home
D:9:      kennysheep_little_box, orc_0_dummy, uniq_joseph
Orc:1:    guppyfry_orc_lava_fort, uniq_urug

Skill      XL: |  1  2  3  4  5  6  7  8  9 10 |
---------------+-------------------------------+-----
Long Blades    | 4 5 7 8 9 10 | 10.7
Dodging        | 4 5 6 7 |  7.9
Fighting       | 4 5 6 7 |  7.7
Stealth        | 4 5 |  5.8

Action                   |  1- 3 |  4- 6 |  7- 9 | 10-12 || total
-------------------------+-------+-------+-------+-------++-------
Melee: Falchion          |    62 |    85 |   229 |    61 ||   437
       Constrict         |    18 |    28 |    49 |    11 ||   106
       Tentacles         |    14 |    20 |    69 |    20 ||   123
Invok: Berserk           |       |     4 |     6 |     4 ||    14
       Trog's Hand       |       |       |     1 |     1 ||     2
  Use: Scroll            |       |       |     1 |       ||     1
       Potion            |       |       |       |     3 ||     3
 Stab: Sleeping          |     7 |     8 |     4 |     4 ||    23
  Eat: Chunk             |       |     9 |    19 |    10 ||    38
       Royal jelly       |       |       |       |     2 ||     2
Armor: Skin              |     1 |     1 |    14 |     3 ||    19
Dodge: Dodged            |    35 |    45 |   152 |    51 ||   283
       Rpst.: Falchion   |     7 |     9 |    34 |    15 ||    65
